 Dungeon Crawl Stone Soup version 0.19.0-2-gae57169 (webtiles) character file.

168 Chiseanne the Charlatan (level 5, 0/36 HPs)
             Began as a High Elf Artificer on Nov 6, 2016.
             Was a Follower of Vehumet.
             Slain by a mummy (10 damage)
             ... in an ossuary.
             The game lasted 00:06:02 (2477 turns).

Chiseanne the Charlatan (High Elf Artificer)        Turns: 2477, Time: 00:06:03

Health: 0/36       AC:  8    Str: 11    XL:     5   Next: 23%
Magic:  9/9        EV: 10    Int: 16    God:    Vehumet [*.....]
Gold:   140        SH:  0    Dex: 15    Spells: 0 memorised, 4 levels left

rFire  . . .     SeeInvis .     a - +0 falchion
rCold  . . .     Gourm    .     m - +0 scale mail
rNeg   . . .     Faith    .     (no shield)
rPois  .         Spirit   .     (no helmet)
rElec  .         Reflect  .     h - +1 cloak
rCorr  .         Harm     .     (no gloves)
MR     .....                    (no boots)
Stlth  ..........               (no amulet)
                                (no ring)
                                (no ring)

@: no status effects
A: no striking features
a: Renounce Religion


You were in an ossuary.
You worshipped Vehumet.
Vehumet was aware of your devotion.
You were hungry.

You visited 1 branch of the dungeon, and saw 4 of its levels.
You also visited: Ossuary.

You collected 140 gold pieces.

Inventory:

Hand Weapons
 a - a +0 falchion (weapon)
Missiles
 b - 18 poisoned needles
 g - 90 arrows
 n - 70 stones (quivered)
 p - 50 bolts
Armour
 h - a +1 cloak (worn)
 m - a +0 scale mail (worn)
Wands
 c - a wand of flame (12/48)
 d - a wand of enslavement (19/24)
 e - a wand of random effects (8/48)
Potions
 k - 4 potions of curing
 l - a potion of haste {unknown}
 o - 2 potions of brilliance {unknown}
 r - a potion of cancellation {unknown}
 s - a potion of mutation {unknown}
Comestibles
 f - 4 bread rations


   Skills:
 * Level 2.9 Fighting
   Level 1.2 Short Blades
 * Level 1.8 Armour
 * Level 3.3 Dodging
 - Level 1.1 Stealth
 * Level 4.0 Evocations


You had 4 spell levels left.
You didn't know any spells.

Dungeon Overview and Level Annotations

Branches:
Dungeon (4/15)
 Temple: D:4-7

Altars:
Cheibriados
Dithmenos
Qazlal
Vehumet
The Shining One


Message History

Vehumet accepts your kill.
Your Evocations skill increases to level 4!
This wand has 12 charges left.
You close the door.
There is a sand-covered staircase here.
You hear the brisk hiss of an avalanche of sand.
You are feeling hungry.
You hear the brisk hiss of an avalanche of sand.
The world spins around you as you enter the gateway.
You enter an ossuary!
Found a gate leading back out of this place.
There is an empty arch of ancient stone here.
A mummy opens the door.
You completely miss the mummy. The mummy hits you!
* * * LOW HITPOINT WARNING * * *
You hit the mummy but do no damage. You hit the mummy.
The mummy is moderately damaged.
The mummy hits you!
You die...

#####
#∩..#
#.∩.#
#..@#
##M##
....
+#'#+
#. ##


You could see a mummy.

Vanquished Creatures
  An orc priest (D:3)
  A mummy (D:4)
  2 adders (D:2)
  A worm (D:3)
  A dart slug (D:2)
  4 leopard geckos
  3 orcs
  2 ball pythons
  6 bats
  5 giant cockroaches
  4 goblins
  10 hobgoblins
  5 jackals
  8 kobolds
  A quokka (D:3)
  3 frilled lizards
  13 rats
70 creatures vanquished.

Vanquished Creatures (others)
  A draconian (D:1)
  A gargoyle (D:1)
  A vine stalker (D:1)
  A troll (D:1)
  A formicid (D:1)
  2 vampires (D:1)
  A spriggan (D:1)
  A human (D:1)
  A naga (D:1)
  A dwarf (D:1)
  An ogre (D:1)
  An orc wizard (D:3)
  A mummy (D:1)
  4 kobolds
  A quokka (D:3)
  5 tentacles (D:1)
24 creatures vanquished.

Grand Total: 94 creatures vanquished

Notes
Turn   | Place    | Note
-------+----------+-------------------------------------------
     0 | D:1      | Chiseanne the High Elf Artificer began the quest for the Orb.
     0 | D:1      | Reached XP level 1. HP: 13/13 MP: 4/4
     2 | D:1      | Noticed a naga
     2 | D:1      | Noticed a dwarf
     2 | D:1      | Noticed a vampire
     2 | D:1      | Noticed a troll
     2 | D:1      | Noticed a gargoyle
     2 | D:1      | Noticed a formicid
     2 | D:1      | Noticed a kraken
     2 | D:1      | Noticed a spriggan
     2 | D:1      | Noticed a vampire
     2 | D:1      | Noticed a draconian
     2 | D:1      | Noticed a human
     2 | D:1      | Noticed an ogre
     2 | D:1      | Noticed a vine stalker
     4 | D:1      | Killed a formicid
     5 | D:1      | Killed a dwarf
     6 | D:1      | Killed a vampire
     7 | D:1      | Killed a naga
     7 | D:1      | Killed an ogre
     7 | D:1      | Killed a human
     9 | D:1      | Killed a draconian
     9 | D:1      | Killed a gargoyle
    10 | D:1      | Killed a vine stalker
    11 | D:1      | Killed a troll
    12 | D:1      | Killed a spriggan
    14 | D:1      | Killed a vampire
   219 | D:1      | Reached XP level 2. HP: 17/18 MP: 5/5
   477 | D:2      | Reached XP level 3. HP: 9/24 MP: 6/6
   705 | D:2      | Found a snail-covered altar of Cheibriados.
   751 | D:2      | Found a glowing golden altar of the Shining One.
   763 | D:2      | Found a radiant altar of Vehumet.
   768 | D:2      | Found a shadowy altar of Dithmenos.
   799 | D:2      | Became a worshipper of Vehumet
   855 | D:2      | Reached skill level 1 in Armour
  1345 | D:3      | Reached XP level 4. HP: 30/30 MP: 7/7
  1716 | D:3      | Reached XP level 5. HP: 31/36 MP: 8/8
  1829 | D:3      | Reached * piety under Vehumet
  1829 | D:3      | Offered knowledge of Sting by Vehumet.
  1985 | D:3      | Found a stormy altar of Qazlal.
  2378 | D:4      | Found a sand-covered staircase.
  2386 | D:4      | Reached skill level 4 in Evocations
  2464 | Ossuary  | Entered an ossuary
  2477 | Ossuary  | Slain by a mummy

Skill      XL: |  1  2  3  4  5 |
---------------+----------------+-----
Fighting       | 2 |  2.9
Armour         | 1 |  1.8
Dodging        | 3 |  3.3
Evocations     | 4 |  4.0
Short Blades   | |  1.2
Stealth        | |  1.1

Action                   |  1- 3 |  4- 6 || total
-------------------------+-------+-------++-------
Melee: Short sword       |   135 |       ||   135
       Falchion          |    45 |   111 ||   156
Evoke: Wand              |     2 |    11 ||    13
  Use: Scroll            |       |     5 ||     5
 Stab: Sleeping          |     1 |       ||     1
  Eat: Chunk             |     2 |     3 ||     5
Armor: Leather armour    |    16 |       ||    16
       Scale mail        |    70 |    61 ||   131
Dodge: Dodged            |    96 |    49 ||   145
       Rpst.: Falchion   |    13 |     9 ||    22
